 Dungeon Crawl Stone Soup version 0.31-a0-496-g6f97920a28 (webtiles) character file.

Game seed: 10994967176081354097

11 nono the Sneak (level 2, -2/24 HPs)
             Began as a Formicid Delver on Aug 8, 2023.
             Slain by an adder (3 damage)
             ... on level 2 of the Dungeon.
             The game lasted 00:02:24 (417 turns).

nono the Sneak (Formicid Delver)                     Turns: 417, Time: 00:02:24

Health: -2/24      AC:  3    Str: 16    XL:     2   Next: 35%
Magic:  2/2        EV: 12    Int:  9    God:
Gold:   6          SH:  0    Dex: 15    Spells: 1/1 levels left

rFire   . . .        a - +0 hand axe
rCold   . . .        (no shield)
rNeg    . . .        b - +0 leather armour
rPois   .            (helmet unavailable)
rElec   .            (no cloak)
rCorr   .            (no gloves)
SInv    +            (no boots)
Will    .....        (no amulet)
Stlth   +++          (no ring)
HPRegen 0.24/turn    (no ring)
MPRegen 0.08/turn

%: no passive effects
@: lethally poisoned (-2 -> -7)
A: permanent stasis, dig shafts and tunnels, antennae 3, four strong arms
a: Dig, Shaft Self


You were on level 2 of the Dungeon.
You visited 1 branch of the dungeon, and saw 4 of its levels.

You collected 6 gold pieces.

Inventory:

Hand Weapons
 a - a +0 hand axe (weapon)
 h - a +1 rapier of holy wrath
Armour
 b - a +0 leather armour (worn)
Wands
 f - a wand of digging (3)
Scrolls
 c - a scroll of fog
 e - a scroll of fear
 g - a scroll of enchant armour {unknown}
Potions
 d - a potion of attraction {unknown}


   Skills:
 + Level 3.5 Fighting
 + Level 2.2 Axes
 + Level 0.0 Armour
 - Level 2.0 Dodging
 - Level 6.1 Stealth


You had one spell level left.
You didn't know any spells.
Your spell library was empty.

Dungeon Overview and Level Annotations

Branches:
Dungeon (5/15)
 Temple: D:4-7

Altars:
Elyvilon


Innate Abilities, Weirdness & Mutations

You cannot be hasted, slowed, berserked, paralysed or teleported.
You can dig through walls and to a lower floor.
You have a pair of large antennae on your head. (SInv)
Your four strong arms can wield two-handed weapons with a shield.


Message History

The adder completely misses you. The adder barely misses you.
You hit the adder but do no damage.
The adder is severely wounded.
The adder bites you.
You closely miss the adder.
The adder is severely wounded.
The adder barely misses you. x2
You hit the adder.
The adder is severely wounded.
The adder closely misses you.
You barely miss the adder.
The adder is severely wounded.
The adder bites you. The adder barely misses you.
You barely miss the adder.
The adder is severely wounded.
The adder bites you but does no damage.
You barely miss the adder.
The adder is severely wounded.
The adder bites you but does no damage. x2
You closely miss the adder.
The adder is severely wounded.
The adder misses you.
You barely miss the adder.
The adder is severely wounded.
The adder bites you.
You are poisoned.
The adder poisons you! The adder bites you.
You are lethally poisoned!
The adder poisons you!
You barely miss the adder.
The adder is severely wounded.
* * * LOW HITPOINT WARNING * * *
You feel very sick. The adder bites you.
* * * LOW HITPOINT WARNING * * *
You barely miss the adder.
The adder is severely wounded.
* * * LOW HITPOINT WARNING * * *
You feel sick. The adder bites you.
You die...

#.. # #####.###
#.......# ......
#.......# ......
#.......# ......
#.......# ....!.##
#........
.....#####......[#
....#
...##.@S........
....#
####.##.##........
....#
#.....>.#####.._$.
....# #.#######
.... ....# #.# .?.
....# #.# ## ....#
#.# ....# #.#
....#####.#


You could see an adder.

Vanquished Creatures
  2 orcs
  A goblin (D:3)
  3 jackals (D:2)
  A quokka (D:2)
7 creatures vanquished.

Notes
Turn   | Place    | Note
-------+----------+-------------------------------------------
     0 | D:5      | nono the Formicid Delver began the quest for the Orb.
     0 | D:5      | Reached XP level 1. HP: 18/18 MP: 1/1
    44 | D:5      | Noticed an orc wizard
    55 | D:5      | Noticed an orc wizard
   274 | D:2      | Reached XP level 2. HP: 23/24 MP: 2/2
   393 | D:2      | Found a white marble altar of Elyvilon.
   417 | D:2      | HP: 1/24 [poisoned by an adder]
   417 | D:2      | Slain by an adder

Illustrated notes

Levels and vault maps discovered:
D:2:      layout_basic, basic_altar, minmay_quadrilaterals
D:3:      layout_rooms, mainiacjoe_overflow_paths, xom_redecorated
D:4:      layout_basic, mainiacjoe_overflow_24_doors, temple_statues,
          portal_sewer_entry_e, minmay_manual_monolith
D:5:      layout_gridville, uniq_edmund, uniq_duvessa, uniq_grinder

Skill      XL: |  1  2 |
---------------+-------+-----
Dodging        | 2 |  2.0
Fighting       | |  3.5
Axes           | |  2.2
Stealth        | |  6.1

Action                     || total
---------------------------++-------
  Melee: Hand axe          ||    57
    Use: Scroll            ||     2
 Armour: Leather armour    ||    12
  Dodge: Dodged            ||    41

Table legend: (Time is in decaauts)
 A = Elapsed time spent in this place.
 B = Non-inter-level travel time spent in this place.
 C = Inter-level travel time spent in this place.
 D = Time resting spent in this place.
 E = Time spent auto-exploring this place.
 F = Levels seen in this place.
 G = Mean time per level.
                   A        B        C        D        E       F      G
               +--------+--------+--------+--------+--------+-----+--------+
         Total |    427 |    424 |      3 |     37 |     45 |   4 |  106.8 |
       Dungeon |    427 |    424 |      3 |     37 |     45 |   4 |  106.8 |
               +--------+--------+--------+--------+--------+-----+--------+

Top non-repeatable levels by time:
     D:2: 193 daAuts
     D:4: 138 daAuts
     D:5: 74 daAuts
     D:3: 20 daAuts
